 Dungeon Crawl Stone Soup version 0.27-a0-1312-g5cdb2b3542 (webtiles) character file.

Game seed: 8358872138091292242

1929 MirrMurr the Shield-Bearer (level 9, -10/73 HPs)
             Began as a Gnoll Fighter on June 20, 2021.
             Mangled by a two-headed ogre (27 damage)
             ... on level 5 of the Dungeon.
             The game lasted 00:10:46 (6328 turns).

MirrMurr the Shield-Bearer (Gnoll Fighter)          Turns: 6328, Time: 00:10:46

Health: -10/73     AC: 11    Str: 16    XL:     9   Next: 17%
Magic:  15/15      EV:  9    Int: 10    God:
Gold:   287        SH: 10    Dex: 12    Spells: 15/16 levels left

rFire    . . .     SeeInvis .   a - +0 hand axe (elec)
rCold    + . .     Faith    .   c - +0 kite shield
rNeg     . . .     Spirit   .   d - +1 scale mail {rC+}
rPois    .         Reflect  .   e - +1 helmet
rElec    .         Harm     .   (no cloak)
rCorr    .         Rampage  .   (no gloves)
Will     .....                  (no boots)
Stlth    +.........             (no amulet)
HPRegen  0.22/turn              (no ring)
MPRegen  0.14/turn              (no ring)

@: no status effects
A: fangs 1, strong nose, distributed training
a: no special abilities


You were on level 5 of the Dungeon.
You visited 1 branch of the dungeon, and saw 5 of its levels.
You also visited: Sewer.

You collected 287 gold pieces.

Inventory:

Hand Weapons
 a - a +0 hand axe of electrocution (weapon)
 b - a +0 hunting sling
 l - a +1 trident
 w - a +3 dagger of draining
Missiles
 f - 74 stones (quivered)
 p - 25 sling bullets
 u - 29 poisoned darts
Armour
 c - a +0 kite shield (worn)
 d - a +1 scale mail of cold resistance (worn)
 e - a +1 helmet (worn)
Wands
 j - a wand of charming (14)
Scrolls
 i - 2 scrolls of noise {unknown}
 o - a scroll of teleportation
Potions
 g - 4 potions of flight
 h - a potion of heal wounds
 k - a potion of cancellation {unknown}
 m - a potion of resistance {unknown}
 n - a potion of brilliance {unknown}
 r - 4 potions of curing
 v - a potion of might
 x - a potion of ambrosia {unknown}


   Skills:
 + Level 7.7 Fighting
 + Level 4.0 Short Blades
 + Level 4.0 Long Blades
 + Level 4.0 Axes
 + Level 4.0 Maces & Flails
 + Level 6.1 Polearms
 + Level 4.0 Staves
 + Level 4.0 Slings
 + Level 4.0 Bows
 + Level 4.0 Crossbows
 + Level 4.0 Throwing
 + Level 7.7 Armour
 + Level 4.0 Dodging
 + Level 4.0 Stealth
 + Level 7.7 Shields
 + Level 4.0 Unarmed Combat
 + Level 4.0 Spellcasting
 + Level 3.2 Conjurations
 + Level 3.2 Hexes
 + Level 3.2 Summonings
 + Level 3.2 Necromancy
 + Level 3.2 Translocations
 + Level 3.2 Transmutations
 + Level 3.2 Fire Magic
 + Level 3.2 Ice Magic
 + Level 3.2 Air Magic
 + Level 3.2 Earth Magic
 + Level 3.2 Poison Magic
 + Level 4.4 Invocations
 + Level 4.0 Evocations


You had 15 spell levels left.
You knew the following spells:

 Your Spells              Type           Power      Damage    Failure   Level
A - Apportation           Tloc           16%        N/A       45%         1

Your spell library contained the following spells:

 Spells                   Type           Power      Damage    Failure   Level
 Animate Skeleton         Necr           16%        N/A       45%         1
 Corona                   Hex            8%         N/A       45%         1
 Summon Small Mammal      Summ           32%        N/A       45%         1


Dungeon Overview and Level Annotations

Branches:
Dungeon (5/15)              Sewer (visited)
 Temple: D:4-7

Altars:

Annotations:
D:3 1 runed translucent door, zzzzzzzz's ghost, amateur DsCK
D:5 2 runed translucent doors


Innate Abilities, Weirdness & Mutations

You have very sharp teeth.
Your uncanny sense of smell can sniff out nearby items.
Your experience applies equally to all skills.


Message History

You block the two-headed ogre's attack.
You are too injured to fight recklessly!
You are too injured to fight recklessly!
You are too injured to fight recklessly!
You hit the two-headed ogre.
The two-headed ogre is lightly wounded.
The two-headed ogre hits you with a +0 giant club!
* * * LOW HITPOINT WARNING * * *
You block the two-headed ogre's attack.
Okay, then.
You feel much better.
You barely miss the two-headed ogre.
The two-headed ogre is lightly wounded.
The two-headed ogre closely misses you.
The two-headed ogre hits you with a +0 giant spiked club!
You completely miss the two-headed ogre.
The two-headed ogre is lightly wounded.
You block the two-headed ogre's attack.
The two-headed ogre hits you with a +0 giant spiked club!
* * * LOW HITPOINT WARNING * * *
You hit the two-headed ogre.
Lightning courses through the two-headed ogre!
You bite the two-headed ogre, but do no damage.
The two-headed ogre is moderately wounded.
You block the two-headed ogre's attack.
The two-headed ogre hits you with a +0 giant spiked club.
* * * LOW HITPOINT WARNING * * *
You see here a +0 spear.
You feel much better. The two-headed ogre barely misses you.
The two-headed ogre hits you with a +0 giant spiked club.
You hit the two-headed ogre.
The two-headed ogre is heavily wounded.
The two-headed ogre hits you with a +0 giant club.
The two-headed ogre barely misses you.
You hit the two-headed ogre.
The two-headed ogre is heavily wounded.
The two-headed ogre hits you with a +0 giant club!
* * * LOW HITPOINT WARNING * * *
The two-headed ogre hits you with a +0 giant spiked club!!
You die...

#........####.## ### #.
..........##@.# #.
..........#..########### ##
.<.......ยง..##.........###
...........##............###
..........##...............#
.........###...............#
.........##...)..<.........#
.......().(...)O@.........##
###
.......##.................#
#..
......###................##
##.. ......#
#.......).......## ##...
.....####.........).....#
#.... .....
#........)......## ##....
....# #..............##
##.....
#.......[......>####......
##............##)..#......


You could see a two-headed ogre.

Vanquished Creatures
  Sigmund (D:2)
  Menkaure (D:5)
  Edmund (D:5)
  A water moccasin (D:5)
  A black bear (D:4)
  An ogre (D:4)
  5 kobold brigands (Sewer)
  A bullfrog (D:4)
  4 scorpions
  A hound (D:5)
  3 orc priests
  A gnoll shaman (D:5)
  2 jellies (D:4)
  Terence (D:2)
  4 iguanas
  9 gnolls
  9 adders
  A howler monkey skeleton (D:4)
  A river rat (D:3)
  A shadow imp (D:5)
  2 dart slugs (D:1)
  15 orcs
  7 ball pythons
  8 endoplasms
  4 giant cockroaches
  10 goblins
  6 hobgoblins
  4 jackals
  2 quokkas
  8 bats
  6 frilled lizards
  14 kobolds
  5 rats
140 creatures vanquished.

Vanquished Creatures (others)
  A fungus (Sewer)
1 creature vanquished.

Grand Total: 141 creatures vanquished

Notes
Turn   | Place    | Note
-------+----------+-------------------------------------------
     0 | D:1      | MirrMurr the Gnoll Fighter began the quest for the Orb.
     0 | D:1      | Reached XP level 1. HP: 23/23 MP: 1/1
   132 | D:1      | Reached XP level 2. HP: 29/29 MP: 2/2
   355 | D:1      | Reached XP level 3. HP: 26/35 MP: 3/3
   546 | D:1      | Found a faded altar of an unknown god.
   925 | D:2      | Reached skill level 1 in Invocations
   931 | D:2      | Noticed Terence
   946 | D:2      | Killed Terence
   947 | D:2      | Reached skill level 1 in Short Blades
   947 | D:2      | Reached skill level 1 in Long Blades
   947 | D:2      | Reached skill level 1 in Axes
   947 | D:2      | Reached skill level 1 in Maces & Flails
   947 | D:2      | Reached skill level 1 in Staves
   947 | D:2      | Reached skill level 1 in Slings
   947 | D:2      | Reached skill level 1 in Bows
   947 | D:2      | Reached skill level 1 in Crossbows
   947 | D:2      | Reached skill level 1 in Throwing
   947 | D:2      | Reached skill level 1 in Dodging
   947 | D:2      | Reached skill level 1 in Stealth
   947 | D:2      | Reached skill level 1 in Unarmed Combat
   947 | D:2      | Reached skill level 1 in Spellcasting
   947 | D:2      | Reached skill level 1 in Evocations
   947 | D:2      | Reached XP level 4. HP: 15/41 MP: 5/5
  1320 | D:2      | Learned a level 1 spell: Apportation
  1378 | D:2      | Reached skill level 1 in Conjurations
  1378 | D:2      | Reached skill level 1 in Hexes
  1378 | D:2      | Reached skill level 1 in Summonings
  1378 | D:2      | Reached skill level 1 in Necromancy
  1378 | D:2      | Reached skill level 1 in Translocations
  1378 | D:2      | Reached skill level 1 in Transmutations
  1378 | D:2      | Reached skill level 1 in Fire Magic
  1378 | D:2      | Reached skill level 1 in Ice Magic
  1378 | D:2      | Reached skill level 1 in Air Magic
  1378 | D:2      | Reached skill level 1 in Earth Magic
  1378 | D:2      | Reached skill level 1 in Poison Magic
  1462 | D:2      | Noticed Sigmund
  1481 | D:2      | Killed Sigmund
  1482 | D:2      | Reached XP level 5. HP: 7/47 MP: 5/7
  1482 | D:2      | Reached XP level 6. HP: 8/53 MP: 5/8
  2283 | D:3      | Reached skill level 5 in Polearms
  2396 | D:3      | Found a runed translucent door.
  2397 | D:3      | Noticed zzzzzzzz's ghost (amateur DsCK)
  2439 | D:3      | Found a glowing drain.
  2443 | Sewer    | Entered a sewer
  2600 | Sewer    | Reached XP level 7. HP: 33/59 MP: 10/10
  3706 | D:4      | Reached XP level 8. HP: 60/67 MP: 12/12
  4602 | D:5      | Entered Level 5 of the Dungeon
  4784 | D:5      | Found a large runed translucent door.
  4784 | D:5      | Found a large runed translucent door.
  5273 | D:5      | Noticed Menkaure
  5279 | D:5      | Killed Menkaure
  5281 | D:5      | Reached XP level 9. HP: 38/72 MP: 14/14
  5491 | D:5      | Noticed Edmund
  5501 | D:5      | Noticed a two-headed ogre
  6227 | D:5      | Killed Edmund
  6328 | D:5      | Mangled by a two-headed ogre

Illustrated notes

Levels and vault maps discovered:
D:1:      dpeg_arrival_tiny_c, layout_basic,
          shapermc_ecumenical_altar_totnotflames
D:2:      layout_rooms, grunt_decor_fettered, minmay_misc_feat_alley,
          wander_ebering_terrifying_dragon_lair, uniq_sigmund, uniq_terence
D:3:      layout_rooms, gup_sewer_entry_bowl, gammafunk_ghost_grave,
          kennysheep_generic_room_8
D:4:      layout_loops_ring
D:5:      layout_cave_pods, jmf_multi_god_temple2, uniq_edmund, uniq_menkaure

Skill      XL: |  1  2  3  4  5  6  7  8  9 |
---------------+----------------------------+-----
Invocations    | 1 2 3 4 |  4.4
Short Blades   | 1 2 3 4 |  4.0
Long Blades    | 1 2 3 4 |  4.0
Axes           | 1 2 3 4 |  4.0
Maces & Flails | 1 2 3 4 |  4.0
Staves         | 1 2 3 4 |  4.0
Slings         | 1 2 3 4 |  4.0
Bows           | 1 2 3 4 |  4.0
Crossbows      | 1 2 3 4 |  4.0
Throwing       | 1 2 3 4 |  4.0
Dodging        | 1 2 3 4 |  4.0
Stealth        | 1 2 3 4 |  4.0
Unarmed Combat | 1 2 3 4 |  4.0
Spellcasting   | 1 2 3 4 |  4.0
Evocations     | 1 2 3 4 |  4.0
Conjurations   | 1 2 3 |  3.2
Hexes          | 1 2 3 |  3.2
Summonings     | 1 2 3 |  3.2
Necromancy     | 1 2 3 |  3.2
Translocations | 1 2 3 |  3.2
Transmutations | 1 2 3 |  3.2
Fire Magic     | 1 2 3 |  3.2
Ice Magic      | 1 2 3 |  3.2
Air Magic      | 1 2 3 |  3.2
Earth Magic    | 1 2 3 |  3.2
Poison Magic   | 1 2 3 |  3.2
Polearms       | 5 6 |  6.1
Fighting       | 7 |  7.7
Armour         | 7 |  7.7
Shields        | 7 |  7.7

Action                   |  1- 3 |  4- 6 |  7- 9 || total
-------------------------+-------+-------+-------++-------
Melee: Trident           |    11 |    16 |       ||    27
       Dagger            |    56 |   123 |   134 ||   313
       Bite              |     8 |     6 |    22 ||    36
       Hand axe          |       |       |   153 ||   153
 Fire: Hunting sling     |       |     3 |     3 ||     6
  Use: Potion            |       |     1 |     5 ||     6
       Scroll            |       |       |    12 ||    12
Armor: Scale mail        |    27 |    69 |   104 ||   200
Dodge: Dodged            |    15 |    40 |    91 ||   146
Block: Kite shield       |    21 |    75 |   165 ||   261

Table legend: (Time is in decaauts)
 A = Elapsed time spent in this place.
 B = Non-inter-level travel time spent in this place.
 C = Inter-level travel time spent in this place.
 D = Time resting spent in this place.
 E = Time spent auto-exploring this place.
 F = Levels seen in this place.
 G = Mean time per level.
                   A        B        C        D        E       F      G
               +--------+--------+--------+--------+--------+-----+--------+
         Total |   6435 |   6087 |    348 |   1005 |   3946 |   6 | 1072.5 |
       Dungeon |   5784 |   5436 |    348 |   1005 |   3456 |   5 | 1156.8 |
         Sewer |    650 |    650 |      0 |      0 |    489 |   1 |  650.0 |
               +--------+--------+--------+--------+--------+-----+--------+

Top non-repeatable levels by time:
     D:4: 1601 daAuts
     D:1: 1186 daAuts
     D:5: 1160 daAuts
     D:2: 1101 daAuts
     D:3: 734 daAuts
   Sewer: 650 daAuts
